 Dungeon Crawl Stone Soup version 0.29.1-14-g9c671dbff4 (webtiles) character file.

Game seed: 8355211360552974809

723 arbuzpersikov the Skirmisher (level 8, -1/44 HPs)
             Began as a Kobold Hunter on Feb 12, 2023.
             Was a Follower of Okawaru.
             Slain by a black bear (5 damage)
             ... on level 5 of the Dungeon.
             The game lasted 00:09:40 (4671 turns).

arbuzpersikov the Skirmisher (Kobold Hunter)        Turns: 4671, Time: 00:09:40

Health: -1/44      AC:  4    Str:  9    XL:     8   Next: 2%
Magic:  8/8        EV: 16    Int: 10    God:    Okawaru [*.....]
Gold:   219        SH:  0    Dex: 20    Spells: 7/7 levels left

rFire   . . .      SeeInvis .   a - +0 shortbow
rCold   . . .      Faith    .   (shield currently unavailable)
rNeg    . . .      Spirit   .   c - +0 leather armour
rPois   +          Reflect  .   (no helmet)
rElec   .          Harm     .   (no cloak)
rCorr   .          Rampage  .   f - +0 pair of gloves
Will    .....                   (no boots)
Stlth   +++.......              (no amulet)
HPRegen 0.14/turn               e - ring of poison resistance
MPRegen 0.11/turn               (no ring)

@: no status effects
A: small, no large weapons, nightstalker 3
a: Renounce Religion, Heroism


You were on level 5 of the Dungeon.
You worshipped Okawaru.
Okawaru was aware of your devotion.
You visited 2 branches of the dungeon, and saw 6 of its levels.

You collected 219 gold pieces.

Inventory:

Hand Weapons
 a - a +0 shortbow (weapon)
Armour
 c - a +0 leather armour (worn)
 f - a +0 pair of gloves (worn)
Jewellery
 e - a ring of poison resistance (left hand)
Scrolls
 b - 4 scrolls of immolation
 d - 7 scrolls of identify {unknown}
 h - a scroll of poison {unknown}
 i - 3 scrolls of fog {unknown}
 j - a scroll of fear {unknown}
 k - a scroll of enchant armour {unknown}
 l - 2 scrolls of magic mapping {unknown}
 m - 2 scrolls of teleportation {unknown}
Potions
 g - a potion of attraction {unknown}
 n - 2 potions of curing {unknown}
 o - a potion of lignification {unknown}
 p - a potion of mutation {unknown}
 q - a potion of cancellation {unknown}
 r - a potion of haste {unknown}
 s - a potion of flight {unknown}


   Skills:
 - Level 2.1 Fighting
 * Level 11.4 Ranged Weapons
 * Level 3.9 Dodging
 - Level 1.3 Stealth


You had 7 spell levels left.
You didn't know any spells.
Your spell library contained the following spells:

 Spells                   Type           Power      Damage    Failure   Level
 Necrotise                Necr           0%         1d4       47%         1
 Ensorcelled Hibernation  Hex/Ice        0%         N/A       63%         2
 Poisonous Vapours        Pois/Air       0%         N/A       63%         2
 Spider Form              Tmut/Pois      0%         N/A       85%         3
 Anguish                  Hex/Necr       0%         N/A       99%         4
 Corpse Rot               Necr/Pois/Air  0%         N/A       99%         4
 Fulminant Prism          Conj/Hex       0%         3d6       99%         4
 Irradiate                Conj/Tmut      0%         3d11      100%        5
 Necromutation            Tmut/Necr      0%         N/A       100%        8


Dungeon Overview and Level Annotations

Branches:
Dungeon (5/15)             Temple (1/1) D:5

Altars:
Ashenzari
Cheibriados
Dithmenos
Fedhas
Gozag
Hepliaklqana
Kikubaaqudgha
Nemelex Xobeh
Okawaru
Qazlal
Ru
Sif Muna
Trog
Uskayaw
Vehumet
Wu Jian
Xom
Yredelemnul
Zin
The Shining One


Innate Abilities, Weirdness & Mutations

You are small and have problems with some larger weapons.
You are completely attuned to the shadows.


Message History

You hear a shout!
The black bear bites you! The black bear closely misses you.
The black bear misses you. The black bear bites you. The black bear claws you.
The black bear claws you but does no damage.
You are too injured to fight recklessly!
You are too injured to fight recklessly!
Fire: a) +0 shortbow
Press: ? - help, Shift-Dir - straight line, f/p - black bear
Aim: a black bear (severely wounded, berserk, 74% to hit)
You shoot an arrow.
The arrow closely misses the black bear.
You hear a shout!
The black bear misses you. The black bear barely misses you.
The black bear claws you but does no damage.
Fire: a) +0 shortbow
Press: ? - help, Shift-Dir - straight line, f/p - black bear
Aim: a black bear (severely wounded, berserk, 74% to hit)
You shoot an arrow. The arrow hits the black bear.
The black bear is severely wounded.
The black bear barely misses you. The black bear closely misses you.
The black bear completely misses you. The black bear closely misses you.
The black bear claws you. The black bear misses you.
Fire: a) +0 shortbow
Press: ? - help, Shift-Dir - straight line, f/p - black bear
Aim: a black bear (severely wounded, berserk, 74% to hit)
You shoot an arrow.
The arrow hits the black bear but does no damage.
The black bear is severely wounded.
The black bear bites you.
* * * LOW HITPOINT WARNING * * *
The black bear claws you but does no damage.
The black bear claws you.
* * * LOW HITPOINT WARNING * * *
The black bear completely misses you. The black bear barely misses you. x2
The black bear attacks as you move away!
The black bear bites you but does no damage.
The black bear claws you.
* * * LOW HITPOINT WARNING * * *
The black bear claws you.
You die...

#....##..#.#.####.........###
#....###..................#
#...............#.........###
#.<..####....##..............
#....# #...<................
#....# ####.##...........#.[
#....# #...............[.#
#....# #.h.............###
###.#### #.@O....#........##
#......### ##.##...####.#.....
#........#####......####.#.....
#......#†.))..........[).......
###############.....####.......
#............#...
#............##.. ########
#.............#..
#......#######............>>..


You could see a black bear (berserk) and an ogre.

Vanquished Creatures
  Sigmund (D:4)
  A black bear (D:4)
  A scorpion (D:4)
  3 iguanas (D:5)
  3 jellies
  An orc wizard (D:4)
  13 adders
  3 gnolls (D:5)
  A worm (D:2)
  3 dart slugs
  9 orcs
  9 ball pythons
  3 bats
  4 endoplasms
  2 giant cockroaches
  4 goblins
  4 hobgoblins
  4 quokkas
  2 frilled lizards (D:3)
  4 kobolds
  9 rats
84 creatures vanquished.

Notes
Turn   | Place    | Note
-------+----------+-------------------------------------------
     0 | D:1      | arbuzpersikov the Kobold Hunter began the quest for the
                  | Orb.
     0 | D:1      | Reached XP level 1. HP: 12/12 MP: 1/1
   217 | D:1      | Reached XP level 2. HP: 16/17 MP: 2/2
   276 | D:1      | Reached skill level 6 in Ranged Weapons
   750 | D:2      | Got Ilipy's Precepts of Conjuring and Necromancy
   825 | D:2      | Reached XP level 3. HP: 21/21 MP: 3/3
  1076 | D:2      | Found an iron altar of Okawaru.
  1081 | D:2      | Became a worshipper of Warmaster Okawaru
  1344 | D:2      | Reached XP level 4. HP: 26/26 MP: 4/4
  1436 | D:4      | Noticed a black bear
  1473 | D:5      | Entered Level 5 of the Dungeon
  1516 | D:5      | Reached skill level 7 in Ranged Weapons
  1527 | D:5      | Reached XP level 5. HP: 17/30 MP: 5/5
  1740 | D:5      | Reached skill level 8 in Ranged Weapons
  1903 | D:5      | Found a sacrificial altar of Ru.
  1907 | D:5      | Noticed a water moccasin
  1939 | D:5      | Reached XP level 6. HP: 35/35 MP: 6/6
  1979 | D:5      | Noticed an ogre
  1986 | D:5      | Noticed a black bear
  2363 | D:4      | Reached skill level 9 in Ranged Weapons
  2431 | D:4      | Killed a black bear
  2576 | D:4      | Reached * piety under Okawaru
  2595 | D:4      | Reached XP level 7. HP: 40/40 MP: 7/7
  2714 | D:4      | Noticed Sigmund
  2723 | D:4      | Killed Sigmund
  2724 | D:4      | Reached skill level 10 in Ranged Weapons
  2948 | D:4      | Reached skill level 11 in Ranged Weapons
  3095 | D:4      | Found a bloodstained altar of Trog.
  3130 | D:4      | Found a radiant altar of Vehumet.
  3136 | D:4      | Found a stormy altar of Qazlal.
  4299 | D:5      | Reached XP level 8. HP: 44/44 MP: 8/8
  4371 | D:5      | Found a staircase to the Ecumenical Temple.
  4402 | Temple   | Entered the Ecumenical Temple
  4671 | D:5      | Slain by a black bear

Illustrated notes

Levels and vault maps discovered:
D:1:      amcnicky_arrival_choice, layout_rooms
D:2:      layout_loops_ring, basic_altar
D:3:      minmay_skewed_foursquare, layout_loops_ring
D:4:      layout_basic, mainiacjoe_overflow_brackets,
          amethyst_overflow_temple_binary, minmay_crystal_water,
          kennysheep_small_spiral, uniq_sigmund
D:5:      layout_rooms, mainiacjoe_overflow_24_doors,
          minmay_temple_entry_mini_moons
Temple:   lightli_temple_of_artemis

Skill      XL: |  1  2  3  4  5  6  7 |
---------------+----------------------+-----
Ranged Weapons | 6 7 8 9 11 | 11.4
Dodging        | 3 |  3.9
Fighting       | |  2.1
Stealth        | |  1.3

Action                   |  1- 3 |  4- 6 |  7- 9 || total
-------------------------+-------+-------+-------++-------
 Fire: Shortbow          |    75 |    81 |    90 ||   246
Armor: Leather armour    |     3 |     7 |    11 ||    21
Dodge: Dodged            |    23 |    23 |    44 ||    90
